 Dungeon Crawl Stone Soup version 0.30-a0-1074-g5db6f66fbb (webtiles) character file.

Game seed: 13394575854081031449

122 gelatine the Chopper (level 4, -3/35 HPs)
             Began as a Demonspawn Gladiator on Apr 13, 2023.
             Killed by divine providence
             ... invoked by an orc priest
              (16 damage)
             ... on level 2 of the Dungeon.
             The game lasted 00:02:48 (1129 turns).

gelatine the Chopper (Demonspawn Gladiator)         Turns: 1129, Time: 00:02:48

Health: -3/35      AC: 10    Str: 16    XL:     4   Next: 78%
Magic:  4/4        EV: 12    Int: 10    God:
Gold:   98         SH:  0    Dex: 14    Spells: 3/3 levels left

rFire   . . .      SeeInvis .    a - +0 war axe
rCold   . . .      Faith    .    (no shield)
rNeg    . . .      Spirit   .    b - +0 leather armour
rPois   .          Reflect  .    i - +1 helmet
rElec   .          Rampage  .    (no cloak)
rCorr   .                        (no gloves)
Will    .....                    (no boots)
Stlth   +                        (no amulet)
HPRegen 0.25/turn                l - +4 ring of protection
MPRegen 0.09/turn                (no ring)

@: no status effects
A: rugged brown scales 1, powered by pain 1
a: no special abilities


You were on level 2 of the Dungeon.
You visited 1 branch of the dungeon, and saw 2 of its levels.

You collected 98 gold pieces.

Inventory:

Hand Weapons
 a - a +0 war axe (weapon)
Missiles
 d - 3 throwing nets (quivered)
 e - a javelin
Armour
 b - a +0 leather armour (worn)
 i - a +1 helmet (worn)
 j - a +0 robe
 n - a +0 ring mail
Jewellery
 l - a +4 ring of protection (left hand)
Wands
 p - a wand of quicksilver (4)
Scrolls
 c - a scroll of fog {unknown}
 f - 2 scrolls of identify {unknown}
 g - a scroll of amnesia {unknown}
 o - a scroll of teleportation {unknown}
 q - a scroll of magic mapping {unknown}
Potions
 h - a potion of cancellation {unknown}
 k - 2 potions of curing {unknown}
 m - a potion of flight {unknown}


   Skills:
 * Level 2.6 Fighting
 * Level 4.0 Axes
 + Level 1.8 Throwing
 * Level 1.1 Armour
 * Level 3.2 Dodging
 * Level 0.2 Stealth
 * Level 0.1 Evocations


You had 3 spell levels left.
You didn't know any spells.
Your spell library was empty.

Dungeon Overview and Level Annotations

Branches:
Dungeon (2/15)

Altars:


Innate Abilities, Weirdness & Mutations

You are partially covered in rugged brown scales. (AC +1, +3% HP)
You sometimes gain a little power by taking damage.


Message History

You kill the worm!
There are no items here.
q - a scroll labelled SETSUA ZENOQU A giant cockroach comes into view.
An endoplasm comes into view.
Found 11 gold pieces.
You hit the giant cockroach.
You kill the giant cockroach!
Found 4 gold pieces.
You see here a giant cockroach corpse.
Found a leather armour.
Found a scale mail.
You now have 98 gold pieces (gained 4).
An orc comes into view. It is wielding a +0 club.
Found a scroll labelled XAIZOTHRIPT.
The orc shouts!
You hear a shout! x2
An orc comes into view. It is wielding a +0 club.
An orc priest and an orc come into view.
The orc priest shouts!
The orc priest invokes the aid of Beogh against you.
Beogh smites you!
An orc comes into view. It is wielding a +0 club.
The orc hits you with a +0 club.
You slash the orc!
You kill the orc!
The orc priest calls down the wrath of Beogh upon you.
Beogh smites you!
A kobold comes into view. It is wielding a +0 dagger.
You closely miss the orc. The orc hits you but does no damage.
The orc barely misses you.
You barely miss the orc. The orc misses you.
You barely miss the orc. The orc hits you but does no damage.
You slash the orc!
You kill the orc!
You slash the orc!
You kill the orc!
The orc hits you but does no damage.
The orc priest calls down the wrath of Beogh upon you.
Beogh smites you!
You die...

########## #
.........# ...
.........#######.....
#............@ooK?...
.........#######.....
# ..######..# ... .
...# ##.## .
.##.#####..#
..##.#......#
.###.#.....####
.................
..........###.[..


You could see an orc priest, an orc and a kobold.

Vanquished Creatures
  Natasha (thrice) (D:2)
  An adder (D:2)
  A worm (D:2)
  3 orcs (D:2)
  A bat (D:1)
  3 endoplasms (D:1)
  3 giant cockroaches (D:2)
  2 goblins (D:1)
  5 hobgoblins
  2 jackals (D:1)
  4 kobolds
  2 quokkas (D:1)
  3 ball pythons
  2 frilled lizards (D:1)
  2 rats (D:1)
37 creatures vanquished.

Notes
Turn   | Place    | Note
-------+----------+-------------------------------------------
     0 | D:1      | gelatine the Demonspawn Gladiator began the quest for the
                  | Orb.
     0 | D:1      | Reached XP level 1. HP: 16/16 MP: 1/1
   127 | D:1      | Gained mutation: You sometimes gain a little power by
                  | taking damage. [demonic ancestry]
   127 | D:1      | Reached XP level 2. HP: 22/22 MP: 2/2
   138 | D:1      | Reached skill level 3 in Axes
   386 | D:1      | Found a faded altar of an unknown god.
   857 | D:2      | Noticed Natasha
   861 | D:2      | Killed Natasha
   862 | D:2      | Gained mutation: You are partially covered in rugged brown
                  | scales. (AC +1, +3% HP) [demonic ancestry]
   862 | D:2      | Reached XP level 3. HP: 17/28 MP: 3/3
   865 | D:2      | Noticed Natasha
   941 | D:2      | Killed Natasha
   942 | D:2      | Reached XP level 4. HP: 29/35 MP: 4/4
  1029 | D:2      | Noticed Natasha
  1040 | D:2      | Killed Natasha
  1041 | D:2      | Reached skill level 4 in Axes
  1041 | D:2      | Reached skill level 1 in Armour
  1129 | D:2      | Killed from afar by an orc priest

Illustrated notes

Levels and vault maps discovered:
D:1:      co_arrival_random_square_maze, layout_loops_cross,
          hellmonk_ecumenical_altar_arch_garden, hex_tiny
D:2:      layout_rooms, uniq_natasha

Skill      XL: |  1  2  3  4 |
---------------+-------------+-----
Dodging        | 3 |  3.2
Axes           | 3 4 |  4.0
Armour         | 1 |  1.1
Fighting       | |  2.6
Throwing       | |  1.8
Stealth        | |  0.2
Evocations     | |  0.1

Action                     |  1- 3 |  4- 6 || total
---------------------------+-------+-------++-------
  Melee: War axe           |    53 |    51 ||   104
 Armour: Leather armour    |    24 |    31 ||    55
  Dodge: Dodged            |    37 |    46 ||    83

Table legend: (Time is in decaauts)
 A = Elapsed time spent in this place.
 B = Non-inter-level travel time spent in this place.
 C = Inter-level travel time spent in this place.
 D = Time resting spent in this place.
 E = Time spent auto-exploring this place.
 F = Levels seen in this place.
 G = Mean time per level.
                   A        B        C        D        E       F      G
               +--------+--------+--------+--------+--------+-----+--------+
         Total |   1186 |   1171 |     15 |      0 |    858 |   2 |  593.0 |
       Dungeon |   1186 |   1171 |     15 |      0 |    858 |   2 |  593.0 |
               +--------+--------+--------+--------+--------+-----+--------+

Top non-repeatable levels by time:
     D:1: 938 daAuts
     D:2: 247 daAuts
